 Dungeon Crawl Stone Soup version 0.18-a0-1655-ge2d8d33 (webtiles) character file.

160 Kidiri the Magician (level 5, -3/29 HPs)
             Began as a Deep Elf Fire Elementalist on Mar 30, 2016.
             Was an Initiate of Vehumet.
             Slain by an orc
             ... wielding a +1 falchion of holy wrath
              (7 damage)
             ... on level 3 of the Dungeon.
             The game lasted 00:10:06 (2728 turns).

Kidiri the Magician (Deep Elf Fire Elementalist)    Turns: 2728, Time: 00:10:07

Health: -3/29      AC:  4    Str:  5    XL:     5   Next: 17%
Magic:  0/13       EV: 13    Int: 21    God:    Vehumet [......]
Gold:   117        SH:  0    Dex: 15    Spells: 4 memorised, 3 levels left

rFire  . . .     SeeInvis .     l - -2 short sword (curse)
rCold  . . .     Gourm    .     a - +0 robe
rNeg   . . .     Faith    .     (no shield)
rPois  .         Spirit   .     (no helmet)
rElec  .         Dismiss  .     (no cloak)
rCorr  .         Reflect  .     (no gloves)
SustAt .         Harm     .     o - +1 pair of boots
MR     .....                    (no amulet)
Stlth  ++........               (no ring)
                                (no ring)

@: not resistant to hostile enchantments, unstealthy
A: no striking features
a: Renounce Religion


You were on level 3 of the Dungeon.
You worshipped Vehumet.
Vehumet was noncommittal.
You were not hungry.

You visited 1 branch of the dungeon, and saw 3 of its levels.

You collected 117 gold pieces.

Inventory:

Hand Weapons
 l - a cursed -2 short sword (weapon)
 n - a +0 dagger
Armour
 a - a +0 robe (worn)
 o - a +1 pair of boots (worn)
Scrolls
 g - a scroll of fog
 i - 2 scrolls of teleportation
Potions
 e - 2 potions of curing {unknown}
 h - a potion of ambrosia
 k - a potion of flight
 m - a potion of lignification
Books
 b - a book of Flames

   Spells                             Type                      Level
   a - Flame Tongue                   Conjuration/Fire             1
   b - Throw Flame                    Conjuration/Fire             2
   c - Conjure Flame                  Conjuration/Fire             3
   d - Inner Flame                    Hexes/Fire                   3
   e - Sticky Flame                   Conjuration/Fire             4
   f - Fireball                       Conjuration/Fire             5
Comestibles
 c - 5 bread rations
 d - 3 chunks of flesh
 f - 3 fruits
 j - a beef jerky


   Skills:
 + Level 1.2 Fighting
 + Level 3.4 Dodging
 - Level 2.4 Stealth
 * Level 4.4 Spellcasting
 + Level 2.7 Conjurations
 + Level 1.3 Hexes
 + Level 3.8 Fire Magic


You had 3 spell levels left.
You knew the following spells:

 Your Spells              Type           Power        Failure   Level  Hunger
a - Flame Tongue          Conj/Fire      ###..        3%          1    None
b - Throw Flame           Conj/Fire      ###...       6%          2    #......
c - Conjure Flame         Conj/Fire      ###.....     12%         3    ##.....
d - Inner Flame           Hex/Fire       ###.....     14%         3    ##.....


Dungeon Overview and Level Annotations

Branches:
Dungeon (3/15)

Altars:
Pakellas
Vehumet


Message History

The orc is moderately wounded.
The orc completely misses you.
Some of the chunks of flesh in your inventory have rotted away.
You hit the orc but do no damage.
The orc is moderately wounded.
The orc closely misses you.
Casting: Flame Tongue
Confirm with . or Enter, or press ? or * to list all spells.
Aiming: Flame Tongue
Press: ? - help, Shift-Dir - straight line, f - orc
Aim: an orc, wielding a falchion of holy wrath and wearing a chain mail (moderately wounded)
The flame tongue hits the orc.
The orc appears unharmed.
The orc is moderately wounded.
You hit the orc but do no damage.
The orc is moderately wounded.
The orc hits you with a falchion of holy wrath.
* * * LOW HITPOINT WARNING * * *
Unknown command.
The orc hits you with a falchion of holy wrath!
You die...

#..........# ##
#..........####. ...
#...........#... ...
#.............## ...
#............... #.#
#########.##.... #.#
######.#..###
#.######...).)..##
#..@o.)..####.###
#..#########..# #..##
###....##
##..###.......#
##.......8...#
######....8.8..##
#........8._.8..#
#.#####...8.8...#####
#.# ##...8........#


You could see an orc.

Vanquished Creatures
  Ijyb (D:1)
  3 gnolls (D:2)
  3 adders (D:3)
  An ooze (D:1)
  4 worms
  4 dart slugs
  A giant gecko (D:1)
  5 orcs (D:3)
  A ball python (D:1)
  3 giant cockroaches
  4 goblins (D:2)
  5 hobgoblins
  A quokka (D:3)
  6 bats
  4 giant newts
  4 kobolds
  4 rats
54 creatures vanquished.

Vanquished Creatures (others)
  An orange crystal statue (D:2)
1 creature vanquished.

Grand Total: 55 creatures vanquished

Notes
Turn   | Place    | Note
--------------------------------------------------------------
     0 | D:1      | Kidiri the Deep Elf Fire Elementalist began the quest for the Orb.
     0 | D:1      | Reached XP level 1. HP: 10/10 MP: 6/6
   200 | D:1      | Reached XP level 2. HP: 6/15 MP: 2/8
   204 | D:1      | Learned a level 2 spell: Throw Flame
  1151 | D:2      | Noticed Ijyb
  1160 | D:2      | Reached XP level 3. HP: 20/20 MP: 2/10
  1200 | D:1      | Killed Ijyb
  1200 | D:1      | Reached skill level 1 in Fighting
  1287 | D:1      | Learned a level 3 spell: Conjure Flame
  1291 | D:1      | Learned a level 3 spell: Inner Flame
  1365 | D:2      | Reached skill level 4 in Spellcasting
  1479 | D:2      | Found an oddly glowing altar of Pakellas.
  1479 | D:2      | Noticed an orange crystal statue
  1480 | D:2      | Noticed a troll
  1492 | D:2      | Killed an orange crystal statue
  1513 | D:2      | Reached XP level 4. HP: 17/25 MP: 0/12
  2146 | D:3      | Found a faded altar to an unknown god.
  2156 | D:3      | Found a radiant altar of Vehumet.
  2164 | D:3      | Became a worshipper of Vehumet
  2460 | D:3      | Reached XP level 5. HP: 24/29 MP: 5/13
  2502 | D:3      | Reached skill level 1 in Hexes
  2728 | D:3      | Slain by an orc

Vault maps used:
D:1:      eino_arrival_cavern_a
D:2:      gammafunk_pakellas_statue_experiment, first_bread, uniq_iyjb
D:3:      marbit_many_paths, lemuel_coloured_pillars_altar, vehumet_crystals,
          ecumenical_altar_2, grunt_ministairs_7

Skill      XL: |  1  2  3  4  5 |
---------------+----------------+-----
Dodging        | 3 |  3.4
Fighting       | 1 |  1.2
Spellcasting   | 4 |  4.4
Conjurations   | 2 |  2.7
Hexes          | 1 |  1.3
Stealth        | |  2.4
Fire Magic     | |  3.8

Action                   |  1- 3 |  4- 6 || total
-------------------------+-------+-------++-------
Melee: Unarmed           |    10 |       ||    10
       Short sword       |       |    29 ||    29
 Cast: Flame Tongue      |    39 |    52 ||    91
       Throw Flame       |    12 |    12 ||    24
       Conjure Flame     |     1 |     3 ||     4
       Inner Flame       |     1 |     1 ||     2
  Use: Scroll            |     2 |     3 ||     5
 Stab: Sleeping          |       |     4 ||     4
  Eat: Chunk             |     2 |     4 ||     6
